AoeStats
← Dazai

African Clearing

510439390Analyzed
2v2 RM · 2d ago on Oct 1, 2026· 37m 14s· 4 players
Game mode
Random Map
Map size
Medium (4 player)
Population
200
Speed
Normal
Resources
Standard
Victory
Conquest
Starting age
Dark Age
Ending age
Imperial Age
RankedLock teamsTeams togetherTeam positionsShared explorationLock speedFull tech treeHidden civsTurbo modeCheats
Victory
Defeat
🇦🇷 Huns · Argentina
1080
+16
🇦🇷 Malians · Argentina
1078
+16
🇦🇷 Malians · Argentina
1097
-16
🇦🇷 Hindustanis · Argentina
1069
-16
Dazai
9:46 Loom
12:09 Feudal Age
12:51 Double-Bit Axe
15:36 Forging
16:55 Scale Barding Armor
22:50 Castle Age
21:37 Gold Mining
22:31 Bloodlines
23:40 Pikeman
28:27 Squires
30:50 Chain Barding Armor
30:36 Husbandry
32:44 Fletching
36:26 Iron Casting
35:49 Bodkin Arrow
PocholA!
9:54 Loom
14:22 Feudal Age
19:17 Castle Age
18:13 Stone Mining
20:03 Forging
20:31 Double-Bit Axe
27:13 Iron Casting
29:32 Scale Mail Armor
29:22 Arson
29:39 Squires
38:16 Imperial Age
lopumo yael
7:45 Loom
14:48 Feudal Age
22:20 Castle Age
20:04 Horse Collar
20:27 Double-Bit Axe
21:40 Forging
21:47 Bloodlines
26:12 Wheelbarrow
25:46 Town Watch
26:23 Scale Barding Armor
27:21 Man-at-Arms
28:53 Heavy Plow
29:06 Bow Saw
29:27 Long Swordsman
36:01 Gold Mining
phoen1x
7:41 Loom
15:31 Feudal Age
21:21 Double-Bit Axe
21:17 Horse Collar
24:01 Castle Age
28:56 Man-at-Arms
29:39 Scale Mail Armor
Connection lost

Rejoining the realm…

Still unreachable

The connection could not be restored.

Session expired

The server has moved on; the page needs a fresh start.